 Dungeon Crawl Stone Soup version 0.28.0-1-gb440e238dd (webtiles) character file.

Game seed: 13083727977236120265

101 Destapler the Ducker (level 4, -2/45 HPs)
             Began as a Troll Fighter on Feb 27, 2022.
             Was a Follower of Nemelex Xobeh.
             Slain by a gnoll (6 damage)
             ... on level 2 of the Dungeon.
             The game lasted 00:02:07 (931 turns).

Destapler the Ducker (Troll Fighter)                 Turns: 931, Time: 00:02:09

Health: -2/45      AC:  4    Str: 26    XL:     4   Next: 48%
Magic:  3/3        EV:  8    Int:  4    God:    Nemelex Xobeh [*.....]
Gold:   20         SH:  7    Dex:  9    Spells: 3/3 levels left

rFire   . . .      SeeInvis .   a - +0 flail
rCold   . . .      Faith    .   c - +0 kite shield
rNeg    . . .      Spirit   .   b - +0 robe
rPois   .          Reflect  .   (helmet restricted)
rElec   .          Harm     .   (no cloak)
rCorr   .          Rampage  .   (gloves unavailable)
Will    .....                   (boots unavailable)
Stlth   +.........              (no amulet)
HPRegen 0.95/turn               (no ring)
MPRegen 0.08/turn               (no ring)

@: no status effects
A: large, unfitting armour, claws 3, regeneration 1, shaggy fur 1, tough skin 1
a: Renounce Religion, Draw Escape, Draw Destruction, Draw Summoning


You were on level 2 of the Dungeon.
You worshipped Nemelex Xobeh.
Nemelex Xobeh was aware of your devotion.
You visited 1 branch of the dungeon, and saw 2 of its levels.

You collected 20 gold pieces.

Inventory:

Hand Weapons
 a - a +0 flail (weapon)
Armour
 b - a +0 robe (worn)
 c - a +0 kite shield (worn)
Jewellery
 h - a +4 ring of slaying
Scrolls
 e - a scroll of magic mapping {unknown}
 g - 2 scrolls of identify {unknown}
 i - a scroll of torment {unknown}
 j - a scroll of amnesia {unknown}
 k - a scroll of teleportation {unknown}
 l - a scroll of immolation {unknown}
 m - a scroll of fear {unknown}
 n - a scroll of enchant weapon {unknown}
Potions
 d - a potion of might
 f - a potion of invisibility {unknown}


   Skills:
 + Level 3.0 Fighting
 - Level 1.7 Maces & Flails
 + Level 1.5 Armour
 + Level 3.0 Dodging
 + Level 3.0 Shields


You had 3 spell levels left.
You didn't know any spells.
Your spell library was empty.

Dungeon Overview and Level Annotations

Branches:
Dungeon (2/15)

Altars:
Nemelex Xobeh


Innate Abilities, Weirdness & Mutations

You are too large for most types of armour.
You have claws for hands.
Your natural rate of healing is unusually fast.
You are covered in fur. (AC +1)
You have tough skin. (AC +1)


Message History

You draw a card...
You have drawn Vitriol.
Press: ? - help, Shift-Dir - straight line, f - gnoll
Aim: a gnoll, wielding a +0 flail and quivering a throwing net The glob of acid hits the gnoll!!
The acid corrodes the gnoll!
You kill the gnoll!
The gnoll hits you from afar with a +0 spear.
* * * LOW HITPOINT WARNING * * *
Your Fighting skill increases to level 3!
Your Dodging skill increases to level 3!
Your Shields skill increases to level 3!
You sock the gnoll!
The gnoll is severely wounded.
You block the gnoll's attack.
The gnoll hits you from afar with a +0 spear.
* * * LOW HITPOINT WARNING * * *
You barely miss the gnoll.
The gnoll is severely wounded.
You block the gnoll's attack. x2; The gnoll hits you with a +0 flail.
* * * LOW HITPOINT WARNING * * *
The gnoll hits you but does no damage.
You sock the gnoll!
You kill the gnoll!
The gnoll misses you. The gnoll hits you with a +0 spear.
* * * LOW HITPOINT WARNING * * *
Items here: ( ))) ††.
You hit the gnoll.
The gnoll is heavily wounded.
The gnoll closely misses you. x2
You closely miss the gnoll.
The gnoll is heavily wounded.
The gnoll hits you but does no damage.
You closely miss the gnoll.
The gnoll is heavily wounded.
The gnoll hits you with a +0 spear.
* * * LOW HITPOINT WARNING * * *
The gnoll hits you with a +0 spear.
You die...
Your body disappears without a glow.

... ...#.##.. ##
###..>.... ###.#.....
##+## ....####..
....######...###.......
..♣.....#.#.....###.....
........#.#...## #.##.#
......g.#......####†##†#
#@#(......##...#..
#.#......###..###.
#.#.#.......#.†## ##
#..............###.
#..##........#.†.#.. #..
#.......###..... #..
#.###..## ##._.# #.. #.#
#...###..... #.. ..#
#..#.#...#..


You could see a gnoll.

Vanquished Creatures
  3 gnolls (D:2)
  2 adders (D:2)
  A worm (D:2)
  A dart slug (D:1)
  7 ball pythons
  2 bats (D:1)
  3 endoplasms
  2 giant cockroaches (D:1)
  4 goblins (D:1)
  7 hobgoblins (D:1)
  3 jackals (D:2)
  5 quokkas (D:1)
  3 frilled lizards
  A kobold (D:1)
  A rat (D:1)
45 creatures vanquished.

Notes
Turn   | Place    | Note
-------+----------+-------------------------------------------
     0 | D:1      | Destapler the Troll Fighter began the quest for the Orb.
     0 | D:1      | Reached XP level 1. HP: 22/22 MP: 0/0
   168 | D:1      | Reached XP level 2. HP: 14/29 MP: 1/1
   281 | D:1      | Reached skill level 1 in Armour
   325 | D:1      | Reached XP level 3. HP: 36/36 MP: 2/2
   768 | D:2      | Found a faded altar of an unknown god.
   810 | D:2      | Reached XP level 4. HP: 37/44 MP: 3/3
   824 | D:2      | Prayed at the altar of an unknown god.
   824 | D:2      | Became a worshipper of Nemelex Xobeh the Trickster
   824 | D:2      | Reached * piety under Nemelex Xobeh
   890 | D:2      | Received a gift from Nemelex Xobeh
   928 | D:2      | HP: 2/45 [gnoll (5)]
   931 | D:2      | Slain by a gnoll

Illustrated notes

Levels and vault maps discovered:
D:1:      evilmike_arrival_hilbert_curve, layout_basic, chequers_mini_garden,
          chequers_serial_rivers_micro_b, minmay_cupped
D:2:      layout_basic, nicolae_ecumenical_snake_handling, dk_noncrumbling_2,
          minmay_misc_feat_cross, grunt_ministairs_4

Skill      XL: |  1  2  3  4 |
---------------+-------------+-----
Armour         | 1 |  1.5
Fighting       | 3 |  3.0
Dodging        | 3 |  3.0
Shields        | 3 |  3.0
Maces & Flails | |  1.7

Action                   |  1- 3 |  4- 6 || total
-------------------------+-------+-------++-------
Melee: Flail             |   138 |    21 ||   159
Invok: Draw Destruction  |       |     1 ||     1
Armor: Robe              |    78 |     6 ||    84
Dodge: Dodged            |    85 |    10 ||    95
Block: Kite shield       |    66 |    10 ||    76
